 Dungeon Crawl Stone Soup version 0.30-a0-578-gdee14c521f (webtiles) character file.

Game seed: 4939028293634672663

1498 wormed the Slicer (level 9, 0/54 HPs)
             Began as a Kobold Brigand on Jan 1, 2023.
             Was a Follower of Uskayaw.
             Killed from afar by a raiju (9 damage)
             ... with a living lightning
             ... on level 2 of the Abyss.
             The game lasted 00:11:18 (5940 turns).

wormed the Slicer (Kobold Brigand)                  Turns: 5940, Time: 00:11:19

Health: 0/54       AC:  3    Str:  9    XL:     9   Next: 8%
Magic:  9/9        EV: 18    Int: 12    God:    Uskayaw [*.....]
Gold:   374        SH:  0    Dex: 20    Spells: 8/8 levels left

rFire   . . .      SeeInvis .    t - +2 long sword of Regicide {venom, rElec Stlth+}
rCold   . . .      Faith    .    (no shield)
rNeg    . . .      Spirit   .    b - +0 robe
rPois   .          Reflect  .    (no helmet)
rElec   +          Harm     .    c - +0 cloak
rCorr   .          Rampage  .    (no gloves)
Will    .....                    (no boots)
Stlth   ++++++                   (no amulet)
HPRegen 0.29/turn                (no ring)
MPRegen 0.11/turn                (no ring)

@: about to teleport
A: small, no large weapons, nightstalker 3
a: Renounce Religion, Stomp


You were on level 2 of the Abyss.
You worshipped Uskayaw.
Uskayaw was noncommittal.
You visited 2 branches of the dungeon, and saw 8 of its levels.
You visited the Abyss 1 time.

You collected 374 gold pieces.

Inventory:

Hand Weapons
 a - a +2 dagger
 t - the +2 long sword of Regicide (weapon) {venom, rElec Stlth+}
   (You found it on level 4 of the Dungeon)

   It poisons the flesh of those it strikes.
   rElec:     It insulates you from electricity.
   Stlth:     It makes you more stealthy.
 D - a +2 dagger of distortion
Missiles
 d - 15 poisoned darts (quivered)
 e - 3 curare-tipped darts
Armour
 b - a +0 robe (worn)
 c - a +0 cloak (worn)
Jewellery
 k - a +6 ring of intelligence
 C - an amulet of reflection
Wands
 u - a wand of paralysis (6)
Scrolls
 f - a scroll of silence {unknown}
 j - 4 scrolls of identify
 l - a scroll of torment {unknown}
 m - 2 scrolls of vulnerability {unknown}
 n - 3 scrolls of immolation
 q - a scroll of poison {unknown}
 r - a scroll of enchant weapon {unknown}
 v - 2 scrolls of teleportation
 x - a scroll of enchant armour {unknown}
 y - a scroll of fog {unknown}
 z - a scroll of brand weapon {unknown}
 A - a scroll of fear {unknown}
Potions
 g - 2 potions of ambrosia
 i - 2 potions of lignification {unknown}
 o - 3 potions of might {unknown}
 p - 2 potions of invisibility {unknown}
 s - 4 potions of degeneration {unknown}
 w - a potion of heal wounds {unknown}
 B - a potion of mutation {unknown}


   Skills:
 + Level 5.5 Fighting
 * Level 9.2 Short Blades
 - Level 2.1 Throwing
 + Level 5.6 Dodging
 + Level 8.7 Stealth


You had 8 spell levels left.
You didn't know any spells.
Your spell library contained the following spells:

 Spells                   Type           Power      Damage    Failure   Level
 Cigotuvi's Dreadful Rot  Necr/Pois/Air  0%         N/A       45%         2
 Poisonous Vapours        Pois/Air       0%         N/A       45%         2
 Mephitic Cloud           Conj/Pois/Air  0%         N/A       69%         3
 Tukima's Dance           Hex            0%         N/A       69%         3
 Passage of Golubria      Tloc           0%         N/A       97%         4
 Summon Forest            Summ/Tloc      0%         N/A       100%        5
 Yara's Violent Unravell  Hex/Tmut       0%         3d3       100%        5
 Eringya's Noxious Bog    Tmut/Pois      0%         N/A       100%        6
 Summon Hydra             Summ           0%         N/A       100%        7


Dungeon Overview and Level Annotations

Branches:
Dungeon (7/15)             Temple (1/1) D:5

Altars:
Ashenzari
Cheibriados
Elyvilon
Fedhas
Gozag
Hepliaklqana
Makhleb
Okawaru
Qazlal
Sif Muna
Uskayaw
Vehumet
Wu Jian
Xom
Yredelemnul
Zin
The Shining One

Shops:
D:3 [*   D:5 *

Annotations:
D:3 3 runed translucent doors


Innate Abilities, Weirdness & Mutations

You are small and have problems with some larger weapons.
You are completely attuned to the shadows.


Message History

The living lightning hits you. You resist.
The raiju blinks! x2
The raiju misses you.
The raiju barks!
The raiju bursts into living lightning!
The living lightning hits you. You resist.
* * * LOW HITPOINT WARNING * * *
The raiju blinks! x2; The raiju misses you.
As you read the scroll labelled SUETTU DIDOVOSU, it crumbles to dust.
It is a scroll of identify.
n - 3 scrolls of immolation A tentacled starspawn comes into view.
The raiju bites you but does no damage. The raiju barely misses you.
As you read the scroll labelled WIACEB FOIPRAL, it crumbles to dust.
You feel strangely unstable.
You feel the power of the Abyss delaying your translocation!
It was a scroll of teleportation.
The raiju barely misses you.
The raiju bursts into living lightning!
The living lightning misses you.
The raiju blinks!
You feel better. The raiju bites you.
* * * LOW HITPOINT WARNING * * *
The raiju shocks you. You resist.
* * * LOW HITPOINT WARNING * * *
The raiju barely misses you.
A starspawn tentacle comes into view.
You feel better. The raiju completely misses you.
You are confused.
You feel invigorated. The raiju bites you but does no damage.
The raiju bites you! The raiju shocks you. You resist.
* * * LOW HITPOINT WARNING * * *
A raiju comes into view.
The raiju misses you.
You feel less invigorated.
You feel less confused. The raiju misses you.
The tentacled starspawn bites you!
* * * LOW HITPOINT WARNING * * *
The tentacled starspawn closely misses you.
The raiju bursts into living lightning!
The living lightning hits you! You resist.
You die...

≈ ≈≈≈
####hh.##
#@Xh# .
#h##hh#.# ##
.##4# ##
###h.## #..#
## .##
#.#........
#
##...###.#..
.. #.#h. #
#.. ..
#.#.#.. .


You could see a tentacled starspawn and 6 raiju.

Vanquished Creatures
  Prince Ribbit (D:5)
  Sigmund (D:2)
  Eustachio (D:4)
  An ice beast (D:5)
  A centaur (D:6)
  A phantom (D:4)
  A bullfrog (D:6)
  A scorpion (D:4)
  2 howler monkeys (D:5)
  5 hounds
  A jelly (D:4)
  3 orc wizards
  Terence (D:2)
  3 iguanas
  Robin (D:3)
  3 gnolls (D:2)
  8 adders
  3 worms (D:2)
  The ghost of Esekla the Sneak, a weakling OpDe (D:5)
  3 dart slugs
  14 orcs
  6 endoplasms
  A giant cockroach (D:3)
  10 goblins
  7 hobgoblins
  2 jackals (D:3)
  10 kobolds
  3 quokkas
  10 ball pythons
  2 bats (D:3)
  8 frilled lizards
  6 rats
  A butterfly (D:5)
122 creatures vanquished.

Vanquished Creatures (others)
  An ufetubus (Abyss:2)
  A demonic plant (Abyss:2)
  2 starspawn tentacles (Abyss:2)
4 creatures vanquished.

Grand Total: 126 creatures vanquished

Notes
Turn   | Place    | Note
-------+----------+-------------------------------------------
     0 | D:1      | wormed the Kobold Brigand began the quest for the Orb.
     0 | D:1      | Reached XP level 1. HP: 12/12 MP: 1/1
    80 | D:1      | Reached skill level 3 in Short Blades
    85 | D:1      | Reached XP level 2. HP: 18/18 MP: 2/2
   553 | D:1      | Reached XP level 3. HP: 22/22 MP: 3/3
   944 | D:2      | Reached skill level 4 in Short Blades
   944 | D:2      | Reached XP level 4. HP: 27/27 MP: 4/4
   954 | D:2      | Noticed Sigmund
   958 | D:2      | Killed Sigmund
   959 | D:2      | Reached skill level 5 in Short Blades
   959 | D:2      | Reached XP level 5. HP: 32/32 MP: 5/5
   959 | D:2      | Reached XP level 6. HP: 37/37 MP: 6/6
  1233 | D:2      | Noticed Terence
  1235 | D:2      | Killed Terence
  1721 | D:3      | Found an opulent altar of Gozag.
  1725 | D:3      | Found Gozag's Platinum Reserve.
  1803 | D:3      | Found a runed translucent gate.
  1803 | D:3      | Found a runed translucent gate.
  1804 | D:3      | Found a runed translucent gate.
  2015 | D:3      | Found a glowing silver altar of Zin.
  2015 | D:3      | Noticed Robin
  2018 | D:3      | Reached skill level 6 in Short Blades
  2052 | D:3      | Killed Robin
  2202 | D:3      | Found Pocwio's Armour Shop.
  2376 | D:3      | Reached XP level 7. HP: 42/42 MP: 7/7
  2721 | D:4      | Noticed Eustachio
  2723 | D:4      | Killed Eustachio
  2864 | D:4      | Identified the +2 long sword of Regicide {venom, rElec
                  | Stlth+}
  2953 | D:4      | Reached skill level 7 in Short Blades
  3182 | D:4      | Found a white marble altar of Elyvilon.
  3183 | D:4      | Found a stormy altar of Qazlal.
  3189 | D:4      | Found a hazy altar of Hepliaklqana.
  3191 | D:4      | Found a basalt altar of Yredelemnul.
  3205 | D:4      | Reached XP level 8. HP: 48/48 MP: 8/8
  3527 | D:5      | Entered Level 5 of the Dungeon
  3616 | D:5      | Noticed Prince Ribbit
  3618 | D:5      | Killed Prince Ribbit
  3673 | D:5      | Reached skill level 8 in Short Blades
  3910 | D:5      | Reached skill level 5 in Dodging
  3975 | D:5      | Reached skill level 5 in Fighting
  4446 | D:5      | Found a staircase to the Ecumenical Temple.
  4521 | Temple   | Entered the Ecumenical Temple
  4554 | Temple   | Became a worshipper of Uskayaw the Reveller
  4812 | D:5      | Reached * piety under Uskayaw
  4822 | D:5      | Reached ** piety under Uskayaw
  4829 | D:5      | Reached *** piety under Uskayaw
  4833 | D:5      | Reached **** piety under Uskayaw
  5029 | D:5      | Found Huciycke's Humungous Hoard.
  5070 | D:5      | Found a runed translucent gate.
  5070 | D:5      | Found a runed translucent gate.
  5070 | D:5      | Found a runed translucent gate.
  5152 | D:5      | Noticed Esekla's ghost (weakling OpDe)
  5170 | D:5      | Killed Esekla's ghost
  5434 | D:6      | Reached skill level 9 in Short Blades
  5434 | D:6      | Reached XP level 9. HP: 54/54 MP: 9/9
  5449 | D:6      | You fall into a shaft and drop 1 floor!
  5516 | D:6      | Noticed a troll
  5517 | Abyss:1  | Cast into level 1 of the Abyss (unwielding a weapon of
                  | distortion)
  5554 | Abyss:1  | Noticed a smoke demon
  5574 | Abyss:1  | Noticed a rakshasa
  5615 | Abyss:1  | HP: 2/54 [something (9)]
  5771 | Abyss:2  | Noticed a thrashing horror
  5777 | Abyss:2  | Found a corrupted altar of Lugonu.
  5782 | Abyss:2  | Noticed a starcursed mass
  5809 | Abyss:2  | Noticed a raiju
  5810 | Abyss:2  | Noticed an ancient zyme
  5820 | Abyss:2  | Noticed a starcursed mass
  5835 | Abyss:2  | Noticed a wolf spider
  5843 | Abyss:2  | Noticed an efreet
  5864 | Abyss:2  | Noticed a thrashing horror
  5873 | Abyss:2  | Noticed a starcursed mass
  5882 | Abyss:2  | Noticed a sun demon
  5918 | Abyss:2  | Noticed a raiju
  5918 | Abyss:2  | Noticed a raiju
  5918 | Abyss:2  | Noticed a raiju
  5925 | Abyss:2  | Noticed a raiju
  5930 | Abyss:2  | Noticed a raiju
  5932 | Abyss:2  | Noticed a tentacled starspawn
  5938 | Abyss:2  | Noticed a raiju
  5940 | Abyss:2  | Killed from afar by a raiju

Illustrated notes

Levels and vault maps discovered:
D:1:      lightli_arrival_windingriver, layout_basic,
          chequers_serial_rivers_micro_e
D:2:      layout_loops_ring, minmay_tromino_i4, uniq_sigmund, uniq_terence
D:3:      layout_basic, nicolae_gozag_zags_fifth_avenue, zin_treasury,
          serial_shops, nicolae_diamond_shop, gammafunk_ghost_icy, uniq_robin
D:4:      layout_loops_ring, grunt_temple_overflow_open, uniq_eustachio
D:5:      layout_cave_pods, minmay_temple_entry_butterflies,
          ebering_ghost_rock_garden, nicolae_alphabet_shops, nicolae_titane,
          uniq_prince_ribbit1
D:6:      minmay_angry_zag, layout_basic, grunt_decor_mini_mirrors
D:7:      kennysheep_spiral_hall, layout_rooms, grunt_dithmenos_smoke,
          trog_hazing_becter, serial_glass, glass_columns_a, glass_columns_b
Temple:   chequers_temple_sunken
Abyss:2:  base: D:2, base: Temple, evilmike_abyss_exit_plants,
          spicy_abyss_planar_alliance

Skill      XL: |  1  2  3  4  5  6  7  8 |
---------------+-------------------------+-----
Short Blades   | 3 4 5 6 7 9 |  9.2
Dodging        | 2 3 4 5 |  5.6
Fighting       | 3 4 5 |  5.5
Stealth        | 6 7 8 |  8.7
Throwing       | |  2.1

Action                   |  1- 3 |  4- 6 |  7- 9 || total
-------------------------+-------+-------+-------++-------
Melee: Dagger            |    38 |   139 |   156 ||   333
       Punch             |       |     2 |     1 ||     3
       Long sword        |       |       |    14 ||    14
Evoke: Wand              |       |       |     1 ||     1
  Use: Potion            |       |       |     7 ||     7
       Scroll            |       |       |     2 ||     2
 Stab: Sleeping          |    15 |    31 |    25 ||    71
       Distracted        |       |     1 |     1 ||     2
       Paralysed         |       |       |     6 ||     6
Armor: Robe              |     7 |     8 |    19 ||    34
Dodge: Dodged            |     9 |    53 |   119 ||   181

Table legend: (Time is in decaauts)
 A = Elapsed time spent in this place.
 B = Non-inter-level travel time spent in this place.
 C = Inter-level travel time spent in this place.
 D = Time resting spent in this place.
 E = Time spent auto-exploring this place.
 F = Levels seen in this place.
 G = Mean time per level.
                   A        B        C        D        E       F      G
               +--------+--------+--------+--------+--------+-----+--------+
         Total |   5889 |   5640 |    249 |      0 |   4597 |  10 |  588.9 |
       Dungeon |   5176 |   4957 |    219 |      0 |   4201 |   7 |  739.4 |
        Temple |    290 |    261 |     29 |      0 |    242 |   1 |  290.0 |
         Abyss |    422 |    422 |      0 |      0 |    154 |   2 |  211.0 |
               +--------+--------+--------+--------+--------+-----+--------+

Top non-repeatable levels by time:
     D:5: 1229 daAuts
     D:3: 1048 daAuts
     D:4: 1012 daAuts
     D:1: 941 daAuts
     D:2: 690 daAuts
  Temple: 290 daAuts
 Abyss:2: 288 daAuts
     D:6: 248 daAuts
 Abyss:1: 133 daAuts
     D:7: 5 daAuts
